 Dungeon Crawl Stone Soup version 0.29.0-4-gdea44cf6ec (webtiles) character file.

Game seed: 7773121514189464553

80 qw the Chopper (level 4, -4/26 HPs)
             Began as a Tengu Warper on Aug 28, 2022.
             Killed by divine providence
             ... invoked by an orc priest
              (12 damage)
             ... on level 3 of the Dungeon.
             The game lasted 00:00:09 (1946 turns).

qw the Chopper (Tengu Warper)                       Turns: 1946, Time: 00:00:10

Health: -4/26      AC:  6    Str: 13    XL:     4   Next: 39%
Magic:  8/8        EV: 11    Int: 14    God:
Gold:   461        SH:  0    Dex: 13    Spells: 7/7 levels left

rFire   . . .      SeeInvis .   Y - +0 hand axe
rCold   . . .      Faith    .   (no shield)
rNeg    . . .      Spirit   .   f - +0 ring mail
rPois   .          Reflect  .   (helmet restricted)
rElec   .          Harm     .   (no cloak)
rCorr   .          Rampage  .   l - +0 pair of gloves
Will    .....                   (boots unavailable)
Stlth   +.........              (no amulet)
HPRegen 0.08/turn               (no ring)
MPRegen 0.11/turn               (no ring)

@: no status effects
A: beak, talons 3
a: no special abilities


You were on level 3 of the Dungeon.
You visited 1 branch of the dungeon, and saw 3 of its levels.

You collected 461 gold pieces.


Innate Abilities, Weirdness & Mutations

You have a beak for a mouth.
You have claws for feet.


   Skills:
 - Level 2.0 Fighting
 + Level 5.0 Axes
 - Level 1.0 Throwing
 - Level 1.1 Armour
 - Level 2.1 Dodging
 - Level 2.0 Spellcasting
 - Level 2.4 Translocations


You had 7 spell levels left.
You didn't know any spells.
Your spell library contained the following spells:

 Spells                   Type           Power      Damage    Failure   Level
 Blink                    Tloc           16%        N/A       28%         2
 Gell's Gravitas          Tloc           8%         N/A       50%         3
 Lesser Beckoning         Tloc           8%         N/A       50%         3
 Teleport Other           Tloc           8%         N/A       50%         3
 Manifold Assault         Tloc           8%         N/A       99%         5

Inventory:

Hand Weapons
 g - a +0 whip
 Y - a +0 hand axe (weapon)
Missiles
 h - 5 boomerangs (quivered)
Armour
 f - a +0 ring mail (worn)
 l - a +0 pair of gloves (worn)
Scrolls
 b - a scroll of fear {unknown}
 i - 2 scrolls of teleportation
Potions
 a - a potion of mutation {unknown}
 d - a potion of heal wounds

Dungeon Overview and Level Annotations

Branches:
Dungeon (3/15)

Altars:


Message History

Ouch! That really hurt!
Found a scroll labelled FIARPH DEPUSI.
The orc priest hits you with a +0 club.
You hit the orc priest. Your kick misses the orc priest.
The orc priest is lightly wounded.
The orc priest hits you but does no damage.
You hit the orc priest but do no damage.
The orc priest is lightly wounded.
The orc priest hits you with a +0 club.
You slash the orc priest! You peck the orc priest.
The orc priest is severely wounded.
The orc priest hits you with a +0 club.
You closely miss the orc priest. Your kick misses the orc priest.
The orc priest is severely wounded.
An orc comes into view. It is wielding a +0 mace.
The orc priest barely misses you.
You closely miss the orc priest.
The orc shouts!
Your kick misses the orc priest. Your peck misses the orc priest.
The orc priest is severely wounded.
The orc priest barely misses you.
You hit the orc priest. Your kick misses the orc priest.
The orc priest is almost dead.
The orc priest hits you but does no damage.
You barely miss the orc priest. Your peck misses the orc priest.
The orc priest is almost dead.
The orc priest hits you but does no damage.
An orc priest comes into view. It is wielding a +0 war axe.
You closely miss the orc priest.
The orc priest shouts!
You claw the orc priest.
You kill the orc priest!
The giant cockroach bites you but does no damage.
Your Axes skill increases to level 5!
You have reached level 4!
You feel clever.
You hit the giant cockroach. Your kick misses the giant cockroach.
Your peck misses the giant cockroach.
The giant cockroach is severely wounded.
The orc priest calls down the wrath of Beogh upon you.
Beogh smites you!
You die...

#.###.#.......#
#...#.#.......#
#####.#%#.......#
##.......#.......#
##................#
.#..######....##.#
.#..# ####..###.#
.#..# #.........#
.#..# #.####...@#
.#..# #
####.B.>.... .#..#
###o....? .#..#
.!.... .#..# .....
.# ..... .# .o..
.######. ....
........


You could see an orc priest, an orc and a giant cockroach.

Vanquished Creatures
  An orc priest (D:3)
  A gnoll (D:1)
  2 worms (D:2)
  5 ball pythons
  4 endoplasms
  2 giant cockroaches (D:1)
  5 goblins
  2 hobgoblins
  A quokka (D:2)
  2 bats
  4 frilled lizards
  4 kobolds
  2 rats
35 creatures vanquished.

Notes
Turn   | Place    | Note
-------+----------+-------------------------------------------
     0 | D:1      | qw the Tengu Warper began the quest for the Orb.
     0 | D:1      | Reached XP level 1. HP: 12/12 MP: 4/4
     0 | D:1      | 0 ||| qw: Version: 0.1-a-89-g26bdef1
     0 | D:1      | 0 ||| qw: Game counter: 113
     0 | D:1      | 0 ||| qw: Always use a shield: true
     0 | D:1      | 0 ||| qw: God list: Okawaru
     0 | D:1      | 0 ||| qw: Allow faded altars: false
     0 | D:1      | 0 ||| qw: Do Orc after D:15 true
     0 | D:1      | 0 ||| qw: Do second Lair branch before Depths: true
     0 | D:1      | 0 ||| qw: Lair rune preference: random
     0 | D:1      | 0 ||| qw: Plans: Normal
     0 | D:1      | 0 ||| PLANNING D:1-11
    48 | D:1      | Found a faded altar of an unknown god.
   236 | D:1      | Reached skill level 3 in Axes
   236 | D:1      | Reached XP level 2. HP: 17/17 MP: 6/6
   578 | D:1      | Reached XP level 3. HP: 16/21 MP: 7/7
   655 | D:1      | 655 ||| Stepping ~*~*~tactically~*~*~ (stealth).
   724 | D:1      | 724 ||| DROPPING +2 mace of distortion.
   761 | D:1      | 761 ||| DROPPING ring of flight.
   762 | D:1      | 762 ||| DRINKING 2 puce potions.
   763 | D:1      | 763 ||| DROPPING scroll of blinking.
   863 | D:2      | Reached skill level 4 in Axes
   921 | D:2      | 921 ||| Stepping ~*~*~tactically~*~*~ (stealth).
   922 | D:2      | 922 ||| Stepping ~*~*~tactically~*~*~ (stealth).
  1245 | D:2      | Identified the +0 leather armour of Honour {rElec rN+
                  | Dex+3}
  1308 | D:2      | 1308 ||| Stepping ~*~*~tactically~*~*~ (stealth).
  1690 | D:2      | 1690 ||| UPGRADING to +0 ring mail.
  1700 | D:2      | 1700 ||| DROPPING +0 leather armour.
  1701 | D:2      | 1701 ||| DROPPING +0 leather armour of Honour {rElec rN+
                  | Dex+3}.
  1702 | D:2      | 1702 ||| UPGRADING to +0 pair of gloves.
  1707 | D:2      | 1707 ||| READING 2 scrolls labelled KOGEUXIGUA.
  1708 | D:2      | 1708 ||| READING scroll labelled GOVOMY QOLUS.
  1709 | D:2      | 1709 ||| READING 2 scrolls labelled YQUAQE ODYISEGO.
  1712 | D:2      | 1712 ||| READING scroll labelled MYROESTRI MYSA.
  1712 | D:2      | Identified a scroll of acquirement
  1712 | D:2      | 1712 ||| ACQUIRING 354 gold pieces
  1712 | D:2      | Acquired 354 gold pieces
  1714 | D:2      | 1714 ||| READING scroll labelled NEHENO KEIRIE.
  1715 | D:2      | 1715 ||| DROPPING scroll of poison.
  1758 | D:3      | 1758 ||| Stepping ~*~*~tactically~*~*~ (stealth).
  1932 | D:3      | 1932 ||| Stepping ~*~*~tactically~*~*~ (hiding).
  1933 | D:3      | 1933 ||| Stepping ~*~*~tactically~*~*~ (stealth).
  1946 | D:3      | Reached skill level 5 in Axes
  1946 | D:3      | Reached XP level 4. HP: 7/26 MP: 8/8
  1946 | D:3      | Killed from afar by an orc priest

Levels and vault maps discovered:
D:1:      saegor_arrival_under_anarchy, layout_rooms,
          chequers_ecumenical_altar_simple_redux
D:2:      layout_loops_ring
D:3:      layout_basic, minivault_23

Skill      XL: |  1  2  3 |
---------------+----------+-----
Axes           | 3 5 |  5.0
Fighting       | |  2.0
Throwing       | |  1.0
Armour         | |  1.1
Dodging        | |  2.1
Spellcasting   | |  2.0
Translocations | |  2.4

Action                   |  1- 3 |  4- 6 || total
-------------------------+-------+-------++-------
Melee: Hand axe          |    67 |     1 ||    68
       Kick              |    12 |       ||    12
       Peck              |    11 |       ||    11
Throw: Boomerang         |    30 |       ||    30
  Use: Scroll            |     5 |       ||     5
       Potion            |     1 |       ||     1
Armor: Leather armour    |    15 |       ||    15
       Ring mail         |     4 |       ||     4
Dodge: Dodged            |    30 |       ||    30

Table legend:
 A = Non-vault XP
 B = Vault XP
 C = Vault XP percentage of total XP
 D = Non-vault monster count
 E = Vault monster count
 F = Vault count percentage of total count
                 A         B        C        D         E       F
            +---------+---------+-------+---------+---------+-------
      Total |     115 |       0 |   0.0 |      35 |       0 |   0.0
            +---------+---------+-------+---------+---------+-------
        D:1 |      41 |       0 |   0.0 |      17 |       0 |   0.0
        D:2 |      25 |       0 |   0.0 |      12 |       0 |   0.0
        D:3 |      49 |       0 |   0.0 |       6 |       0 |   0.0
            +---------+---------+-------+---------+---------+-------
